 Dungeon Crawl Stone Soup version 0.27.0-1-g7a089689b8 (webtiles) character file.

Game seed: 207641556962958003

87 Sin92 the Skirmisher (level 4, -2/35 HPs)
             Began as a Demonspawn Fighter on Aug 13, 2021.
             Killed from afar by a white imp (7 damage)
             ... with a puff of frost
             ... summoned by Natasha
             ... on level 2 of the Dungeon.
             The game lasted 00:01:10 (1181 turns).

Sin92 the Skirmisher (Demonspawn Fighter)           Turns: 1181, Time: 00:01:11

Health: -2/35      AC:  6    Str: 16    XL:     4   Next: 28%
Magic:  4/4        EV:  7    Int:  9    God:
Gold:   69         SH:  9    Dex: 14    Spells: 3/3 levels left

rFire    . . .     SeeInvis .   a - +0 war axe
rCold    . . .     Faith    .   c - +0 kite shield
rNeg     . . .     Spirit   .   b - +0 scale mail
rPois    .         Reflect  .   (no helmet)
rElec    .         Harm     .   (no cloak)
rCorr    .         Rampage  .   (no gloves)
Will     .....                  (no boots)
Stlth    ..........             (no amulet)
HPRegen  0.11/turn              (no ring)
MPRegen  0.09/turn              (no ring)

@: mighty
A: claws 1, demonic magic 1
a: no special abilities


You were on level 2 of the Dungeon.
You visited 1 branch of the dungeon, and saw 2 of its levels.

You collected 69 gold pieces.

Inventory:

Hand Weapons
 a - a +0 war axe (weapon)
Armour
 b - a +0 scale mail (worn)
 c - a +0 kite shield (worn)
Scrolls
 d - a scroll of teleportation {unknown}
 e - 3 scrolls of noise {unknown}
 g - a scroll of amnesia {unknown}
 h - 2 scrolls of identify {unknown}
Potions
 f - a potion of haste


   Skills:
 + Level 3.3 Fighting
 * Level 2.8 Axes
 + Level 3.1 Armour
 + Level 1.3 Dodging
 + Level 3.1 Shields


You had 3 spell levels left.
You didn't know any spells.
Your spell library was empty.

Dungeon Overview and Level Annotations

Branches:
Dungeon (2/15)

Altars:

Annotations:
D:2 Natasha


Innate Abilities, Weirdness & Mutations

You have sharp fingernails.
Spells you cast may paralyse adjacent enemies.


Message History

Natasha is almost dead.
Natasha barely misses you.
Unknown command.
You slash Natasha!
You kill Natasha!
Natasha screams in fury as she dies!
The white imp disappears in a puff of smoke!
You have reached level 4!
You feel agile.
Your demonic ancestry asserts itself...
A menacing aura infuses your magic.
A goblin comes into view. It is wielding a +0 club.
Found 18 stones.
Okay, then.
Okay, then.
The goblin barely misses you.
You barely miss the goblin. You block the goblin's attack.
You miss the goblin. The goblin hits you but does no damage.
You hit the goblin.
The goblin is heavily wounded.
Your extra speed is starting to run out.
The goblin hits you but does no damage.
You closely miss the goblin.
The goblin is heavily wounded.
The goblin hits you but does no damage.
You slash the goblin!
You kill the goblin!
You see here a +0 club.
You feel yourself slow down.
d - a scroll labelled VIKHLE MYIRUICO You see here 18 stones.
You start resting.
Natasha, Servant of Life and Death comes into view.
Natasha is nearby!
Natasha is nearby!
Natasha hisses angrily.
Natasha mumbles some strange words.
Natasha mumbles some strange words.
The white imp gestures at you. The puff of frost hits you!
You die...

# #.....#.# #
####..#.# ## #..#.#
.# #..#.##### .#
###..#.....# .#####
#....#.....# ..##..
...........# #.##.#
#....5h5..#### #.##.#
####.##..@...# #.##.#
#. #)....(# #..#.# #.
#......#
##.#.######.##......#
............####.####
##.#.#####... ....
#...######. ###.##
##......... ..#
#..###### ###


You could see Natasha, a white imp (summoned) and a shadow imp (summoned).

Vanquished Creatures
  Natasha (twice) (D:2)
  An adder (D:2)
  A worm (D:2)
  5 goblins
  2 hobgoblins
  A quokka (D:2)
  4 ball pythons
  5 bats
  2 frilled lizards (D:1)
  2 kobolds (D:1)
  2 rats (D:1)
27 creatures vanquished.

Notes
Turn   | Place    | Note
-------+----------+-------------------------------------------
     0 | D:1      | Sin92 the Demonspawn Fighter began the quest for the Orb.
     0 | D:1      | Reached XP level 1. HP: 18/18 MP: 1/1
   121 | D:1      | Found a faded altar of an unknown god.
   285 | D:1      | Gained mutation: You have sharp fingernails. [demonic
                  | ancestry]
   285 | D:1      | Reached XP level 2. HP: 24/24 MP: 2/2
   938 | D:2      | Reached XP level 3. HP: 24/29 MP: 3/3
  1117 | D:2      | Noticed Natasha
  1129 | D:2      | Reached skill level 1 in Dodging
  1135 | D:2      | Killed Natasha
  1144 | D:2      | Noticed Natasha
  1145 | D:2      | HP: 1/29 [Natasha/magic dart (9)]
  1151 | D:2      | Killed Natasha
  1152 | D:2      | Gained mutation: Spells you cast may paralyse adjacent
                  | enemies. [demonic ancestry]
  1152 | D:2      | Reached XP level 4. HP: 2/35 MP: 4/4
  1178 | D:2      | Noticed Natasha
  1181 | D:2      | Killed from afar by a white imp

Illustrated notes

Levels and vault maps discovered:
D:1:      mrwooster_arrival_arrow, layout_basic,
          hellmonk_ecumenical_altar_crossroads
D:2:      layout_basic, uniq_natasha

Skill      XL: |  1  2  3 |
---------------+----------+-----
Axes           | 2 |  2.8
Dodging        | 1 |  1.3
Armour         | 3 |  3.1
Shields        | 3 |  3.1
Fighting       | |  3.3

Action                   |  1- 3 |  4- 6 || total
-------------------------+-------+-------++-------
Melee: War axe           |    59 |     5 ||    64
  Use: Potion            |     3 |       ||     3
Armor: Scale mail        |    26 |     3 ||    29
Dodge: Dodged            |    24 |     1 ||    25
Block: Kite shield       |    34 |     1 ||    35
